 Dungeon Crawl Stone Soup version 0.22.1-1-ga44c0e5 (webtiles) character file.

275536 Stepladder the Spry (level 20, -22/164 HPs)
             Began as a Merfolk Summoner on Oct 15, 2018.
             Was the Champion of Ashenzari.
             Annihilated by a vampire knight
             ... wielding a +0 great mace
              (27 damage)
             ... while paralysed by a vampire knight
             ... on level 1 of the Depths on Oct 18, 2018.
             The game lasted 09:11:30 (71577 turns).

Stepladder the Spry (Merfolk Summoner)             Turns: 71577, Time: 09:11:30

Health: -22/164    AC: 19    Str: 16    XL:     20   Next: 34%
Magic:  18/37      EV:  2    Int: 24    God:    Ashenzari [******]
Gold:   1323       SH:  0    Dex: 15    Spells: 2/45 levels left

rFire    + + .     SeeInvis +   n - +6 demon trident "Ugeeddaq" {pierce, rF+ rC+ Str+4 Int+2} (curse)
rCold    + . .     Gourm    .   U - +0 shield (curse)
rNeg     . . .     Faith    .   A - +2 ring mail {rPois} (curse)
rPois    +         Spirit   .   G - +1 helmet (curse)
rElec    .         Reflect  .   L - scarf {repulsion} (curse)
rCorr    .         Harm     .   u - +2 pair of gloves (curse)
MR       ++...     Clarity  +   b - +2 pair of boots {run} (curse)
Stlth    ++........             T - amulet of regeneration (curse)
HPRegen  0.77/turn              D - ring of Levity {rF+ Int+3} (curse)
MPRegen  0.25/turn              M - ring of protection from magic

@: paralysed, drained, repel missiles, quick
A: change form in water, swift swim, stealthy swim
}: 2/15 runes: decaying, gossamer
a: Curse Item, Scrying, Transfer Knowledge, Renounce Religion


You were on level 1 of the Depths.
You worshipped Ashenzari.
Ashenzari was exalted by your worship.
You were hungry.

You visited 8 branches of the dungeon, and saw 38 of its levels.
You also visited: Volcano and Wizlab.

You collected 3443 gold pieces.
You spent 2120 gold pieces at shops.

Inventory:

Hand Weapons
 n - the cursed +6 demon trident "Ugeeddaq" (weapon) {pierce, rF+ rC+ Str+4 Int+2}
   (You acquired it on level 3 of the Spider Nest)

   It inflicts extra damage upon your enemies.
   It affects your strength (+4).
   It affects your intelligence (+2).
   It protects you from fire.
   It protects you from cold.
   It has a curse placed upon it.
Missiles
 x - 4 needles of confusion
 C - a throwing net
 F - 44 tomahawks (quivered)
Armour
 b - a cursed +2 pair of boots of running (worn)
 f - the +3 ring mail of Fanaticism {Str-3 Int+9 Slay+3}
   (You found it on level 12 of the Dungeon)

   It affects your strength (-3).
   It affects your intelligence (+9).
   It affects your accuracy and damage with ranged weapons and melee attacks
   (+3).
 u - a cursed +2 pair of gloves (worn)
 A - a cursed +2 ring mail of poison resistance (worn)
 G - a cursed +1 helmet (worn)
 L - a cursed scarf of repulsion (worn)
 U - a cursed +0 shield (worn)
 V - a +2 scale mail of fire resistance
 Y - a +0 cloak
Jewellery
 t - an uncursed ring of protection from cold
 D - the cursed ring of Levity (left hand) {rF+ Int+3}
   (You took it off an orc priest on level 8 of the Dungeon)

   [ring of protection from fire]

   It affects your intelligence (+3).
   It protects you from fire.
   It has a curse placed upon it.
 I - an uncursed ring of positive energy
 M - a ring of protection from magic (right hand)
 O - an uncursed ring of resist corrosion
 P - an uncursed ring of protection from magic
 T - a cursed amulet of regeneration (around neck)
Wands
 a - a wand of iceblast (57)
 r - a wand of flame (61)
 v - a wand of enslavement (10)
 y - a wand of paralysis (52)
 E - a wand of clouds (5)
 J - a wand of disintegration (21)
 Q - a wand of scattershot (4)
Scrolls
 g - 5 scrolls of blinking
 h - 3 scrolls of fear
 j - a scroll of amnesia
 m - 7 scrolls of fog
 o - 10 scrolls of identify
 w - 2 scrolls of remove curse
 B - 7 scrolls of magic mapping
 K - 9 scrolls of teleportation
 S - a scroll of brand weapon
Potions
 d - 3 potions of heal wounds
 e - 2 potions of agility
 i - 3 potions of flight
 k - 12 potions of lignification
 l - 3 potions of invisibility
 p - 7 potions of curing
 q - a potion of berserk rage
 s - 3 potions of brilliance
 z - 4 potions of ambrosia
 N - 4 potions of might
 W - 4 potions of haste
Miscellaneous
 H - a lightning rod (4/4)
 R - a phial of floods
Comestibles
 c - 25 rations


   Skills:
 + Level 15.7(15.3) Fighting
 - Level 10.2(14.1) Polearms
 + Level 9.4(13.4) Armour
 - Level 18.3(21.5) Dodging
 - Level 5.0(4.7) Stealth
 - Level 12.3(14.6) Shields
 - Level 13.0(12.6) Spellcasting
 - Level 2.0(3.9) Conjurations
 - Level 12.3(14.6) Hexes
 - Level 13.1(15.3) Summonings
 - Level 5.0(7.7) Ice Magic
 - Level 3.6(6.0) Air Magic
 - Level 1.8(3.7) Evocations


You had 2 spell levels left.
You knew the following spells:

 Your Spells              Type           Power        Failure   Level  Hunger
a - Summon Lightning Spi  Summ/Air       ######..     1%          4    None
b - Summon Mana Viper     Hex/Summ       ######..     1%          5    ###....
c - Summon Ice Beast      Ice/Summ       ######..     1%          4    None
d - Invisibility          Hex            ######..     2%          6    #####..
m - Summon Butterflies    Summ           ######..     0%          1    None
n - Shadow Creatures      Summ           N/A          1%          6    #####..
q - Aura of Abjuration    Summ           ######....   1%          5    ###....
v - Summon Demon          Summ           ######....   1%          5    ###....
w - Fulminant Prism       Conj/Hex       ######....   1%          4    None
x - Summon Guardian Gole  Hex/Summ       ######..     1%          3    None

Your spell library contained the following spells:

 Spells                   Type           Power        Failure   Level  Hunger
 Corona                   Hex            ######.      0%          1    None
 Summon Small Mammal      Summ           ####         0%          1    None
 Freeze                   Ice            ####         1%          1    None
 Magic Dart               Conj           ####         1%          1    None
 Shock                    Conj/Air       ####         1%          1    None
 Call Imp                 Summ           ######..     1%          2    None
 Ensorcelled Hibernation  Hex/Ice        ######       1%          2    None
 Searing Ray              Conj           ####..       1%          2    None
 Swiftness                Chrm/Air       ####....     2%          2    None
 Apportation              Tloc           ###...       6%          1    None
 Passwall                 Tmut/Erth      ###.....     10%         2    None
 Call Canine Familiar     Summ           ######..     1%          3    None
 Confuse                  Hex            ######..     1%          3    None
 Dazzling Spray           Conj/Hex       ######       1%          3    None
 Recall                   Summ/Tloc      N/A          1%          3    None
 Tukima's Dance           Hex            ######..     1%          3    None
 Cause Fear               Hex            ######....   1%          4    None
 Metabolic Englaciation   Hex/Ice        ######....   1%          5    ###....
 Static Discharge         Conj/Air       #####...     2%          3    None
 Airstrike                Air            #####.....   5%          4    None
 Summon Forest            Summ/Tloc      ######....   8%          5    ###....
 Ice Form                 Ice/Tmut       ####....     13%         4    None
 Iskenderun's Mystic Bla  Conj           ####....     13%         4    None
 Lesser Beckoning         Tloc           ###.......   19%         3    None
 Lightning Bolt           Conj/Air       #####.....   24%         5    ###....
 Force Lance              Conj/Tloc      ####....     28%         4    None
 Ozocubu's Refrigeration  Ice            ######....   41%         6    #####..
 Bolt of Draining         Conj/Necr      ####......   63%         5    ###....
 Venom Bolt               Conj/Pois      ####......   63%         5    ###....
 Freezing Cloud           Conj/Ice/Air   #####.....   65%         6    #####..
 Bolt of Cold             Conj/Ice       #####.....   67%         6    #####..
 Spellforged Servitor     Conj/Summ      ######....   73%         7    ######.
 Alistair's Intoxication  Tmut/Pois      ###.....     87%         5    ###....
 Simulacrum               Ice/Necr       ####......   90%         6    #####..


Dungeon Overview and Level Annotations

Branches:
Dungeon (15/15)            Temple (1/1) D:4            Lair (6/6) D:10
  Swamp (4/4) Lair:4       Spider (4/4) Lair:3        Slime (0/5) Lair:6
    Orc (2/2) D:10            Elf (0/3) Orc:2        Vaults (4/5) D:13
  Crypt (0/3) Vaults:2     Depths (2/5) D:15

Altars:
Ashenzari
Cheibriados
Dithmenos
Elyvilon
Fedhas
Gozag
Hepliaklqana
Kikubaaqudgha
Makhleb
Nemelex Xobeh
Okawaru
Qazlal
Ru
Sif Muna
Trog
Uskayaw
Vehumet
Wu Jian
Xom
Yredelemnul
Zin
The Shining One
Beogh
Jiyva

Shops:
D:6 }   D:8 (   D:10 !   D:11 !   D:15 :![(   Orc:2 %%(([(([   Vaults:3 (
Vaults:4 }

Portals:
Hell: Depths:1
Pandemonium: Depths:1
Trove: Vaults:3 (give 15 potions of curing)

Annotations:
D:4 3 runed doors, exclusion: statue, Duin's ghost, amateur MfSk
D:15 Agnes
Lair:1 1 runed door, Othekh's ghost, journeyman TrMo
Lair:4 3 runed doors, Halaipra's ghost, journeyman GnFi; Josephine
Swamp:3 exclusion: Roxanne, Roxanne


Message History

The vampire knight bites you.
The vampire knight draws strength from your injuries!
The vampire knight hits you with an uncursed great mace!
The vampire knight bites you but does no damage.
The vampire knight hits you with an enchanted dire flail!!
* * * LOW HITPOINT WARNING * * *
The vampire knight bites you!
* * * LOW HITPOINT WARNING * * *
The vampire knight draws strength from your injuries!
The vampire knight hits you but does no damage.
The vampire knight bites you.
* * * LOW HITPOINT WARNING * * *
The vampire knight draws strength from your injuries!
The vampire knight casts a spell at you.
You resist with almost no effort.
The vampire knight hits you with an enchanted dire flail!
* * * LOW HITPOINT WARNING * * *
The vampire knight bites you but does no damage.
The vampire knight hits you with an uncursed great mace!!
You die...

.##............[...[.≈≈≈.........
...∩.....>...≈≈≈≈....≈≈≈.........
..........[.........).≈≈.........
..#..............≈≈≈≈.≈≈.........
.##........#.....≈≈≈≈..≈.≈.......
.........###....≈≈≈≈≈≈...≈......#
........##......≈≈≈≈≈≈.≈≈≈≈≈.####
.........#.........))≈.≈≈≈≈≈...##
....[...........@.......≈≈≈≈≈.##.
....##.........VV.............#..
...####..........).........[..##.
...##............................
#................................
...#.................))..........
...#.........≈≈≈≈≈≈..............
....#.........≈≈≈................
...............≈≈.≈≈≈≈...≈.##?..#


You could see 2 vampire knights.

Vanquished Creatures
  Sojobo (Depths:2)
  A lich (Depths:2)
  A shadow dragon (Depths:1)
  A thorn hunter (Swamp:3)
  A tengu reaver (Depths:2)
  Kirke (Lair:4)
  3 frost giants
  An iron dragon (shapeshifter) (Vaults:2)
  A fire giant (Vaults:3)
  3 ghost moths
  8 vault wardens
  An emperor scorpion (Spider:3)
  4 ironheart preservers
  6 stone giants
  7 very ugly things
  An entropy weaver (Spider:1)
  2 ettins
  A fire dragon (Depths:1)
  4 great orbs of eyes
  4 yaktaur captains
  2 rakshasas
  4 ice dragons
  5 hydras
  5 vault guards
  7 centaur warriors
  2 alligators
  20 two-headed ogres
  4 death knights
  4 death yaks
  3 deep troll earth magi (Depths:1)
  7 ogre magi
  An orc high priest (Orc:2)
  2 hell knights (Vaults:3)
  A deep elf knight (Vaults:1)
  3 skeletal warriors
  3 shadow wraiths
  5 unseen horrors
  3 deep trolls (Depths:1)
  3 flayed ghosts
  An unseen horror (shapeshifter) (Vaults:4)
  2 sea snakes (Lair:5)
  A torturous demonspawn (Depths:1)
  2 swamp dragons
  2 glowing orange brains
  3 deep elf archers
  8 orc knights
  A spriggan druid (Swamp:4)
  A phantasmal warrior (Vaults:1)
  11 ironbrand convokers
  A wizard (Vaults:3)
  A necromancer (Vaults:3)
  An orc sorcerer (Orc:2)
  A harpy (Lair:6)
  2 orb spiders
  18 wolf spiders
  A statue (D:15)
  3 deep elf magi
  23 ugly things
  A wolf spider zombie (D:13)
  A salamander (shapeshifter) (Vaults:3)
  A wolf spider (shapeshifter) (Vaults:4)
  A human zombie (Vaults:2)
  5 manticores
  8 elephants
  4 cyclopes
  2 moths of wrath
  A black mamba (Lair:4)
  7 vault sentinels
  2 centaur zombies
  An orange demon (Depths:1)
  A torpor snail (Spider:4)
  15 spiny frogs
  A gargoyle (D:13)
  22 yaktaurs
  5 rime drakes
  3 demonic crawlers
  2 komodo dragons (Lair:6)
  2 freezing wraiths
  A troll (shapeshifter) (D:15)
  8 trolls
  18 jumping spiders
  A polar bear (Lair:6)
  11 hornets
  A tengu conjurer (Depths:2)
  4 blink frogs
  2 ettin zombies (Vaults:2)
  4 tyrant leeches
  A sphinx simulacrum (Vaults:2)
  A raiju (shapeshifter) (Vaults:2)
  26 slime creatures
  4 bog bodies
  A human simulacrum (Vaults:3)
  A harpy skeleton (D:15)
  5 hippogriffs
  8 water elementals
  11 tarantellas
  A shadow (D:14)
  4 wraiths
  4 wyverns
  A yak (shapeshifter) (Vaults:2)
  6 yaks
  25 redbacks
  A fire elemental (D:15)
  2 hungry ghosts
  3 fire bats (Volcano)
  A hog (Lair:4)
  A basilisk (D:14)
  Grum (D:11)
  5 vampire mosquitoes
  6 wargs
  6 swamp worms
  4 insubstantial wisps
  An acid dragon (D:15)
  3 water moccasins
  A deep troll skeleton (Vaults:2)
  28 orc warriors
  3 swamp drakes
  13 porcupines
  2 ice beasts
  An eye of draining (D:15)
  2 phantoms
  3 boggarts (Vaults:2)
  26 ogres
  5 sky beasts
  A black bear (D:9)
  8 wolves
  16 centaurs
  8 crocodiles
  A big kobold (D:9)
  13 bullfrogs
  A gnoll sergeant (D:12)
  2 small abominations (WizLab)
  6 scorpions
  7 wights
  3 howler monkeys
  2 electric eels
  A lava snake (Volcano)
  A crimson imp (D:15)
  2 bullfrog zombies
  5 centaur skeletons
  4 jellies
  4 hounds
  27 orc priests
  3 iguanas (D:8)
  13 orc wizards
  A gnoll shaman (D:4)
  A hell rat (Lair:1)
  Ijyb (D:3)
  6 worker ants
  A killer bee zombie (D:8)
  A howler monkey zombie (D:9)
  A worker ant zombie (D:7)
  6 gnolls
  9 adders
  6 shadow imps
  4 oozes (Lair:6)
  An adder zombie (D:6)
  An adder skeleton (D:6)
  4 worms
  A dart slug (D:3)
  A leopard gecko (D:4)
  94 orcs
  8 giant cockroaches
  6 goblins
  6 hobgoblins
  13 jackals
  3 quokkas
  A ball python (D:2)
  10 bats
  4 frilled lizards
  2 jackal skeletons (D:8)
  14 kobolds
  2 leopard gecko skeletons
  8 rats
  A briar patch (Swamp:3)
  A fungus (Lair:3)
  A plant (Lair:6)
918 creatures vanquished.

Vanquished Creatures (collateral kills)
  Nikola (Depths:2)
  A lich (Depths:1)
  A tentacled monstrosity (Swamp:1)
  Rupert (D:12)
  A sphinx (Depths:2)
  Frances (Swamp:2)
  3 tengu reavers
  2 orc warlords
  2 ghost moths (Spider:4)
  3 vault wardens
  A fire giant (Vaults:3)
  2 emperor scorpions
  A cacodemon (Depths:1)
  4 ironheart preservers
  3 entropy weavers
  2 stone giants
  A deep elf demonologist (Vaults:2)
  4 very ugly things
  A vampire knight (Depths:2)
  A dire elephant (D:15)
  Azrael (D:15)
  3 ettins
  2 fire dragons
  2 great orbs of eyes
  A yaktaur captain (Vaults:1)
  A fire dragon (shapeshifter) (Depths:2)
  2 ice dragons
  Erolcha (Orc:2)
  12 hydras
  3 rakshasas (Vaults:2)
  5 vault guards
  A catoblepas (Lair:6)
  A merfolk avatar (Lair:6)
  A death knight (Vaults:1)
  A ghost crab (Swamp:2)
  3 centaur warriors
  16 two-headed ogres
  6 alligators
  A deep troll shaman (Depths:2)
  A tengu warrior (D:14)
  7 death yaks
  A spriggan berserker (Depths:2)
  An orc high priest (Orc:1)
  4 ogre magi
  A vampire mage (Depths:2)
  4 hell knights (Vaults:3)
  A deep elf knight (D:13)
  A soul eater (Depths:1)
  8 skeletal warriors
  A sea snake (shapeshifter) (Vaults:3)
  2 wizards
  A death drake (shapeshifter) (D:15)
  5 swamp dragons
  3 deep trolls
  6 ironbrand convokers
  A deep elf archer (Vaults:2)
  7 orc knights
  A lindwurm (shapeshifter) (Vaults:3)
  A tengu zombie (Vaults:2)
  3 necromancers
  3 harpies (Vaults:1)
  3 shambling mangroves
  2 phantasmal warriors (Vaults:4)
  2 orc sorcerers
  5 orb spiders
  A lindwurm (Lair:6)
  27 ugly things
  5 deep elf magi
  4 cyclopes
  4 oklob plants (Lair:1)
  13 wolf spiders
  A moth of wrath (Spider:1)
  2 black mambas
  A moth of wrath (shapeshifter) (Vaults:1)
  Maurice (D:10)
  A frost giant skeleton (Vaults:2)
  4 elephants
  3 vault sentinels
  2 centaur skeletons
  2 torpor snails
  An orange demon (Depths:1)
  A gargoyle (D:10)
  2 spiny frogs
  A rime drake (Lair:6)
  A freezing wraith (Vaults:1)
  23 yaktaurs
  2 komodo dragons
  2 demonic crawlers
  2 tengu conjurers (Depths:2)
  4 tyrant leeches
  2 polar bears (Lair:6)
  A merfolk (shapeshifter) (Depths:1)
  4 trolls
  17 jumping spiders
  10 hornets
  9 bog bodies
  8 slime creatures
  8 blink frogs
  A hippogriff (Lair:6)
  27 redbacks
  3 spriggans
  A shadow (D:13)
  9 tarantellas
  5 water elementals
  4 hogs (Lair:4)
  3 wyverns
  3 wraiths
  A basilisk (Lair:2)
  4 fire bats (Volcano)
  A hungry ghost (D:13)
  3 yaks
  4 fire elementals (D:15)
  A small abomination (WizLab)
  An ogre zombie (Vaults:1)
  10 swamp worms
  2 wargs
  8 vampire mosquitoes
  4 insubstantial wisps
  2 acid dragons
  7 porcupines
  3 hell hounds
  4 water moccasins
  Purgy (D:3)
  29 orc warriors
  8 swamp drakes
  An ice beast (D:10)
  A phantom (D:13)
  A sky beast (D:6)
  An eye of draining (D:14)
  22 ogres
  A tengu (shapeshifter) (Depths:2)
  4 wolves
  A boggart (Vaults:2)
  12 centaurs
  2 big kobolds (D:11)
  2 crocodiles
  A human zombie (Vaults:2)
  2 bullfrogs
  A yaktaur skeleton (Vaults:1)
  3 scorpions
  4 killer bees (D:10)
  8 wights
  A crimson imp (D:13)
  4 lava snakes (Volcano)
  2 hounds
  2 jellies
  15 orc priests
  18 orc wizards
  Jessica (D:3)
  7 worker ants
  10 gnolls
  9 adders
  An ooze (Lair:6)
  An adder zombie (D:10)
  2 worms
  A leopard gecko (D:2)
  44 orcs
  A goblin (D:3)
  3 hobgoblins
  2 jackals (D:6)
  13 kobolds
  A quokka (D:4)
  A bat (D:1)
  5 frilled lizards
  A leopard gecko skeleton (D:5)
  2 rats (D:3)
  A butterfly (Lair:4)
  2 fungi (Lair:6)
  6 plants
715 creatures vanquished.

Vanquished Creatures (others)
  Margery (Vaults:3)
  A ghost moth (Spider:2)
  An emperor scorpion (Spider:4)
  A spark wasp (Spider:4)
  2 slime creatures (Vaults:1)
  A hydra (Swamp:4)
  4 death yaks
  An ogre mage (Vaults:1)
  A shadow wraith (Vaults:2)
  An unseen horror (D:15)
  An orc knight (Orc:2)
  A statue (D:15)
  A wolf spider (Spider:4)
  2 ugly things
  A centaur zombie (D:15)
  A gargoyle (D:13)
  2 yaktaurs (Vaults:1)
  A yaktaur zombie (Vaults:2)
  A tengu conjurer (Depths:2)
  A tyrant leech (Swamp:4)
  A tarantella (Spider:4)
  2 yaks (Lair:6)
  A warg (D:10)
  An orc warrior (D:6)
  An orc (Orc:2)
  A giant cockroach (D:5)
  4 bushes
  106 fulminant prisms
  21 fungi
  17 plants
181 creatures vanquished.

Grand Total: 1814 creatures vanquished

Notes
Turn   | Place    | Note
-------+----------+-------------------------------------------
     0 | D:1      | Stepladder the Merfolk Summoner began the quest for the
                  | Orb.
     0 | D:1      | Reached XP level 1. HP: 13/13 MP: 3/3
   336 | D:1      | Reached skill level 3 in Dodging
   393 | D:1      | Reached XP level 2. HP: 20/20 MP: 1/5
   403 | D:1      | Reached skill level 1 in Fighting
   423 | D:1      | Learned a level 2 spell: Call Imp
  1474 | D:2      | Reached XP level 3. HP: 26/26 MP: 6/6
  2303 | D:2      | Reached XP level 4. HP: 14/33 MP: 4/7
  2655 | D:2      | Reached skill level 4 in Dodging
  3136 | D:3      | Noticed Ijyb
  3149 | D:3      | Killed Ijyb
  3173 | D:3      | Reached XP level 5. HP: 38/38 MP: 6/8
  3190 | D:3      | Reached skill level 1 in Polearms
  3266 | D:3      | Noticed Purgy
  3284 | D:3      | Killed Purgy
  3284 | D:3      | Reached skill level 5 in Summonings
  3507 | D:3      | Learned a level 3 spell: Summon Guardian Golem
  4149 | D:3      | Reached XP level 6. HP: 40/44 MP: 10/10
  4297 | D:3      | Noticed Jessica
  4302 | D:3      | Killed Jessica
  4462 | D:3      | Reached skill level 1 in Shields
  4526 | D:3      | Found a hide-covered altar of Uskayaw.
  4591 | D:3      | Found a burning altar of Makhleb.
  5132 | D:4      | Found a runed gate.
  5156 | D:4      | Noticed Duin's ghost (amateur MfSk)
  5157 | D:4      | Found a runed gate.
  5157 | D:4      | Found a runed gate.
  5752 | D:4      | Found a staircase to the Ecumenical Temple.
  5766 | Temple   | Entered the Ecumenical Temple
  6107 | Temple   | Became a worshipper of Ashenzari the Shackled
  6359 | D:4      | Reached XP level 7. HP: 25/50 MP: 8/11
  6655 | D:4      | Found a radiant altar of Vehumet.
  7019 | D:5      | Entered Level 5 of the Dungeon
  7246 | D:5      | Found a basalt altar of Yredelemnul.
  7350 | D:5      | Found a white marble altar of Elyvilon.
  7400 | D:5      | Reached skill level 5 in Dodging
  7474 | D:5      | Found a stormy altar of Qazlal.
  7694 | D:5      | Reached skill level 1 in Hexes
  7732 | D:5      | Found a deep blue altar of Sif Muna.
  8661 | D:6      | Reached XP level 8. HP: 48/58 MP: 5/12
  8813 | D:6      | Learned a level 4 spell: Summon Lightning Spire
  9070 | D:6      | Found Jucaom Leto's Gadget Shop.
  9184 | D:6      | Reached skill level 6 in Dodging
 10753 | D:7      | Reached skill level 7 in Dodging
 10928 | D:7      | Reached skill level 5 in Fighting
 11182 | D:7      | Reached * piety under Ashenzari
 11302 | D:7      | Found an ornate altar of the Wu Jian Council.
 11322 | D:7      | Learned a level 4 spell: Summon Ice Beast
 11437 | D:7      | Reached XP level 9. HP: 63/68 MP: 13/13
 11554 | D:7      | Got the trident "Merfolk's Curse" {pierce, *Rage Str+3
                  | Stlth+}
 11555 | D:7      | Identified the +1 trident "Merfolk's Curse" {pierce, *Rage
                  | Str+3 Stlth+} (You found it on level 7 of the Dungeon)
 11844 | D:7      | Found an ancient bone altar of Kikubaaqudgha.
 12088 | D:8      | Reached skill level 1 in Air Magic
 12356 | D:8      | Reached skill level 8 in Dodging
 12789 | D:8      | Found a sacrificial altar of Ru.
 13111 | D:8      | Identified the ring of Levity {rF+ Int+3} (You took it off
                  | an orc priest on level 8 of the Dungeon)
 13246 | D:8      | Reached skill level 1 in Ice Magic
 13665 | D:8      | Reached skill level 9 in Dodging
 13982 | D:8      | Found a glowing golden altar of the Shining One.
 14076 | D:8      | Found Kuerph's Antique Weapon Boutique.
 14192 | D:8      | Found an iron altar of Okawaru.
 14241 | D:9      | Reached ** piety under Ashenzari
 14804 | D:9      | Found a glowing silver altar of Zin.
 14864 | D:9      | Reached XP level 10. HP: 74/74 MP: 14/14
 15928 | D:9      | Reached skill level 10 in Dodging
 16780 | D:9      | Reached *** piety under Ashenzari
 16934 | D:9      | Reached skill level 5 in Ice Magic
 17149 | D:10     | Entered Level 10 of the Dungeon
 17656 | D:9      | Reached skill level 5 in Polearms
 17887 | D:10     | Noticed a gargoyle
 18100 | D:10     | Killed a gargoyle
 18350 | D:10     | Found a staircase to the Orcish Mines.
 18636 | D:10     | Found Juath's Distillery.
 18644 | D:10     | Bought a potion of heal wounds for 65 gold pieces
 18644 | D:10     | Bought 2 potions of curing for 78 gold pieces
 18853 | D:10     | Found a staircase to the Lair.
 18862 | Lair:1   | Entered Level 1 of the Lair of Beasts
 18913 | Lair:1   | Identified the ring of Xemot {rC+ rN+++ MR- Str+10 Dex-3}
 18930 | Lair:1   | Identified the Compendium of Bodily Humours
 19170 | Lair:1   | Noticed an oklob plant
 19223 | Lair:1   | Reached **** piety under Ashenzari
 19320 | Lair:1   | Identified the +10 hand axe "Weurysm" {venom, rPois}
 19331 | Lair:1   | Found the +4 moon troll leather armour {Spirit, Regen++
                  | MP+5}
 19342 | Lair:1   | Found a runed door.
 19343 | Lair:1   | Found a shimmering altar of Xom.
 19343 | Lair:1   | Noticed Othekh's ghost (journeyman TrMo)
 19343 | Lair:1   | Noticed a rapier of chaos
 19731 | Lair:2   | Reached XP level 11. HP: 74/83 MP: 9/17
 20649 | Lair:3   | Reached skill level 5 in Spellcasting
 20854 | Lair:3   | Found a dark tunnel.
 20894 | Volcano  | Entered a volcano
 21116 | Volcano  | Noticed a fire dragon
 21772 | Lair:3   | Reached skill level 10 in Summonings
 22062 | Lair:3   | Found a hole to the Spider Nest.
 22219 | Lair:3   | Noticed a death yak
 22225 | Lair:3   | Noticed a death yak
 22248 | Lair:3   | Killed a death yak
 22253 | Lair:3   | Killed a death yak
 22719 | Lair:4   | Noticed an eight-headed hydra
 22729 | Lair:4   | Killed an eight-headed hydra
 22790 | Lair:4   | Reached skill level 1 in Armour
 22907 | Lair:4   | Found a staircase to the Swamp.
 22943 | Lair:4   | Reached ***** piety under Ashenzari
 22951 | Lair:4   | Found a runed gate.
 22951 | Lair:4   | Found a runed gate.
 22952 | Lair:4   | Found a runed gate.
 22953 | Lair:4   | Noticed a death ooze
 22954 | Lair:4   | Found a viscous altar of Jiyva.
 22954 | Lair:4   | Noticed Halaipra's ghost (journeyman GnFi)
 23122 | Lair:4   | Reached XP level 12. HP: 92/92 MP: 14/21
 23263 | Lair:4   | Noticed Kirke
 23271 | Lair:4   | Killed Kirke
 23271 | Lair:4   | Reached skill level 10 in Polearms
 23459 | Lair:4   | Reached skill level 11 in Dodging
 23867 | Lair:5   | Learned a level 4 spell: Cause Fear
 24542 | Lair:6   | Entered Level 6 of the Lair of Beasts
 24563 | Lair:6   | Killed a death yak
 24570 | Lair:6   | Killed a death yak
 24572 | Lair:6   | Killed a death yak
 24609 | Lair:6   | Noticed a catoblepas
 24647 | Lair:6   | Killed a catoblepas
 25226 | Lair:6   | Reached skill level 12 in Dodging
 25758 | Lair:6   | Noticed a merfolk avatar
 25900 | Lair:6   | Noticed a seven-headed hydra
 25913 | Lair:6   | Killed a seven-headed hydra
 25931 | Lair:6   | Reached XP level 13. HP: 95/101 MP: 9/22
 26016 | Lair:4   | Noticed Josephine
 26371 | D:11     | Found Rinkuh's Distillery.
 26894 | D:11     | Noticed Grum
 27026 | D:11     | Learned a level 4 spell: Fulminant Prism
 27112 | D:11     | Learned a level 3 spell: Tukima's Dance
 27192 | D:11     | Killed Grum
 27813 | D:12     | Reached skill level 1 in Conjurations
 28051 | D:12     | Reached ****** piety under Ashenzari
 28061 | D:12     | Found a shadowy altar of Dithmenos.
 28156 | D:12     | Identified the +3 ring mail of Fanaticism {Str-3 Int+9
                  | Slay+3}
 28308 | D:12     | Noticed Rupert
 28335 | D:12     | Killed Rupert
 28506 | D:12     | Reached skill level 10 in Fighting
 28882 | D:12     | Reached skill level 13 in Dodging
 29156 | D:13     | Found a labyrinth entrance.
 29314 | D:13     | Reached skill level 5 in Hexes
 30290 | D:13     | Reached skill level 5 in Armour
 31189 | D:13     | Found a gate to the Vaults.
 31431 | D:14     | Identified the +4 trident of the Other Side {pierce, rPois
                  | Dex+4}
 31531 | D:13     | Reached XP level 14. HP: 89/111 MP: 5/25
 31812 | D:14     | Reached skill level 14 in Dodging
 33183 | D:15     | Entered Level 15 of the Dungeon
 33220 | D:15     | Found Kumar's Book Shoppe.
 33225 | D:15     | Found Kesch's Distillery.
 33227 | D:15     | Found Wybli's Armour Shoppe.
 33256 | D:15     | Found Caipt's Weapon Shoppe.
 33259 | D:15     | Bought a book of Summonings for 770 gold pieces
 33367 | D:15     | Learned a level 5 spell: Summon Mana Viper
 34911 | D:15     | Noticed Azrael
 34929 | D:15     | Killed Azrael
 35163 | D:15     | Noticed Agnes
 35303 | Orc:1    | Entered Level 1 of the Orcish Mines
 35313 | Orc:1    | Noticed Maurice
 35470 | D:10     | Killed Maurice
 35884 | Orc:2    | Entered Level 2 of the Orcish Mines
 35884 | Orc:2    | Noticed an orc warlord
 35967 | Orc:2    | Found Onneadoh's Weapon Shoppe.
 36128 | Orc:1    | Killed an orc warlord
 36626 | Orc:2    | Found Timus's Antique Armour Shop.
 36632 | Orc:2    | Found Suifol's Antique Weapon Shoppe.
 36647 | Orc:2    | Found Guaduv's Weapon Shop.
 36762 | Orc:2    | Found a roughly hewn altar of Beogh.
 37493 | Orc:2    | Found a roughly hewn altar of Beogh.
 37499 | Orc:2    | Found Doulaq's Food Emporium.
 37611 | Orc:2    | Noticed an orc warlord
 37863 | Orc:2    | Killed an orc warlord
 38081 | Orc:2    | Found a roughly hewn altar of Beogh.
 38132 | Orc:2    | Found a staircase to the Elven Halls.
 38164 | Orc:2    | Found a roughly hewn altar of Beogh.
 38166 | Orc:2    | Found Issebbu's Food Shoppe.
 38284 | Orc:2    | Found a roughly hewn altar of Beogh.
 38370 | Orc:2    | Found Faycoank's Antique Armour Shoppe.
 38371 | Orc:2    | Found a roughly hewn altar of Beogh.
 38372 | Orc:2    | Found Haogah's Antique Weapon Emporium.
 38572 | Orc:2    | Found a roughly hewn altar of Beogh.
 38600 | Orc:2    | Noticed Erolcha
 38617 | Orc:2    | Killed Erolcha
 38800 | Orc:2    | Found a roughly hewn altar of Beogh.
 39329 | Orc:2    | Reached XP level 15. HP: 122/122 MP: 28/28
 39739 | Lair:1   | You fall through a shaft!
 39942 | Lair:6   | Reached skill level 5 in Shields
 39950 | Lair:6   | Found a staircase to the Slime Pits.
 41103 | Swamp:1  | Entered Level 1 of the Swamp
 41876 | Swamp:1  | Noticed a tentacled monstrosity
 41934 | Swamp:1  | Killed a tentacled monstrosity
 42249 | Swamp:2  | Learned a level 5 spell: Summon Demon
 43147 | Swamp:2  | Noticed Frances
 43164 | Swamp:2  | Killed Frances
 43737 | Swamp:3  | Reached skill level 10 in Spellcasting
 44375 | Swamp:3  | Reached skill level 10 in Shields
 44380 | Swamp:3  | Noticed a thorn hunter
 44389 | Swamp:3  | Killed a thorn hunter
 44811 | Swamp:3  | Noticed Roxanne
 45174 | Swamp:4  | Entered Level 4 of the Swamp
 45174 | Swamp:4  | Identified the ring of Zakhosoh {*Tele Int+3 Slay+2}
 45331 | Swamp:3  | Learned a level 6 spell: Shadow Creatures
 46057 | Swamp:4  | Paralysed by a hornet for 3 turns
 46230 | Swamp:4  | Reached XP level 16. HP: 129/129 MP: 16/30
 46598 | Swamp:4  | Got a decaying rune of Zot
 46619 | Swamp:4  | Noticed a thorn hunter
 47203 | D:15     | Bought a +1 pair of boots of running for 657 gold pieces
 47213 | D:15     | Bought a book of Party Tricks for 550 gold pieces
 47793 | Spider:1 | Entered Level 1 of the Spider Nest
 48033 | Spider:1 | Reached skill level 15 in Dodging
 51196 | Spider:3 | Identified a scroll of acquirement
 51199 | Spider:3 | Got the cursed demon trident "Ugeeddaq" {pierce, rF+ rC+
                  | Str+4 Int+2}
 51201 | Spider:3 | Identified the cursed +6 demon trident "Ugeeddaq" {pierce,
                  | rF+ rC+ Str+4 Int+2} (You acquired it on level 3 of the
                  | Spider Nest)
 51206 | Spider:4 | Entered Level 4 of the Spider Nest
 53231 | Spider:4 | Reached XP level 17. HP: 139/140 MP: 13/31
 53593 | Spider:4 | Got a gossamer rune of Zot
 53823 | Lair:1   | Identified the +10 great sword "Xalat" {vamp, +Blink Dex+4}
                  | (You found it on level 3 of the Spider Nest)
 53977 | Vaults:1 | Entered Level 1 of the Vaults
 54480 | Vaults:1 | Reached skill level 15 in Fighting
 56322 | D:13     | Reached skill level 16 in Dodging
 56384 | Vaults:1 | Reached skill level 10 in Hexes
 58413 | Vaults:2 | Learned a level 6 spell: Invisibility
 58563 | Vaults:2 | Reached XP level 18. HP: 149/149 MP: 28/33
 58823 | Vaults:2 | Found a staircase to the Crypt.
 58823 | Vaults:2 | Found a basalt altar of Yredelemnul.
 58824 | Vaults:2 | Found an ancient bone altar of Kikubaaqudgha.
 59247 | Vaults:2 | Noticed a Hell Sentinel
 60314 | Vaults:3 | Found a magical portal.
 60436 | WizLab   | Entered Cigotuvi's Fleshworks
 60950 | Vaults:3 | Noticed Margery
 61121 | Vaults:3 | Killed Margery
 61500 | Vaults:3 | Found a portal to a secret trove of treasure.
 62685 | Vaults:3 | Found Olosaun's Weapon Shop.
 63036 | Vaults:3 | Reached skill level 5 in Stealth
 63285 | Vaults:3 | Reached skill level 1 in Evocations
 63290 | Vaults:3 | Found the +9 sword of Zonguldrok {reap}
 63954 | Vaults:4 | Reached XP level 19. HP: 155/155 MP: 11/35
 65320 | Vaults:4 | Learned a level 5 spell: Aura of Abjuration
 66029 | Vaults:4 | Found Ponnak's Gadget Shoppe.
 66319 | D:15     | Found a staircase to the Depths.
 66531 | D:15     | Identified the Compendium of Unstable Attacks
 66625 | D:15     | Learned a level 1 spell: Summon Butterflies
 66676 | Depths:1 | Entered Level 1 of the Depths
 66799 | Depths:1 | Reached skill level 17 in Dodging
 67693 | Depths:1 | Noticed a lich
 67706 | Depths:1 | Killed a lich
 68017 | Depths:1 | Found a gateway to Hell.
 68156 | Depths:1 | Found a one-way gate leading to the halls of Pandemonium.
 68669 | Depths:2 | Reached skill level 18 in Dodging
 68911 | Depths:2 | Reached XP level 20. HP: 162/162 MP: 20/37
 69425 | Depths:2 | Paralysed by a great orb of eyes for 7 turns
 69944 | Depths:2 | Noticed Sojobo
 70125 | Depths:2 | Killed Sojobo
 70279 | Depths:2 | Noticed Nikola
 71201 | Depths:2 | Killed Nikola
 71571 | Depths:1 | Paralysed by a vampire knight for 7 turns
 71577 | Depths:1 | HP: 5/164 [vampire knight/enchanted dire flail (17)]
 71577 | Depths:1 | Annihilated by a vampire knight

Skill      XL: |  1  2  3  4  5  6  7  8  9 10 11 12 13 14 15 16 17 18 19 20 |
---------------+-------------------------------------------------------------+-----
Dodging        | 3 4 5 7 9 10 12 13 14 15 16 18 | 18.3
Fighting       | 1 2 3 5 6 8 9 10 12 14 15 | 15.7
Polearms       | 2 4 6 9 10 | 10.2
Summonings     | 5 6 8 9 10 11 13 | 13.1
Shields        | 3 4 10 11 12 | 12.3
Hexes          | 2 3 4 6 7 10 12 | 12.3
Spellcasting   | 3 4 6 7 9 10 11 12 13 | 13.0
Air Magic      | 2 3 |  3.6
Ice Magic      | 3 5 |  5.0
Armour         | 1 4 5 7 8 9 |  9.4
Conjurations   | 2 |  2.0
Stealth        | 5 |  5.0
Evocations     | 1 |  1.8

Action                   |  1- 3 |  4- 6 |  7- 9 | 10-12 | 13-15 | 16-18 | 19-21 || total
-------------------------+-------+-------+-------+-------+-------+-------+-------++-------
Melee: Short sword       |   127 |    17 |       |       |       |       |       ||   144
       Unarmed           |    10 |       |       |       |       |       |       ||    10
       Spear             |       |   249 |   455 |       |       |       |       ||   704
       Tailslap          |       |       |     3 |     1 |    17 |     1 |     5 ||    27
       Trident           |       |       |   241 |   823 |  1536 |   299 |       ||  2899
       Demon trident     |       |       |       |       |       |  1333 |   707 ||  2040
 Fire: Hunting sling     |       |       |     2 |       |       |       |       ||     2
Throw: Stone             |     3 |     8 |     9 |    11 |       |       |       ||    31
       Tomahawk          |       |       |       |       |    16 |     5 |       ||    21
 Cast: Summon Small Mamm |     9 |     1 |     2 |       |       |       |       ||    12
       Call Imp          |    12 |    37 |    99 |    63 |    84 |       |       ||   295
       Summon Guardian G |       |       |    34 |    24 |    59 |   109 |    44 ||   270
       Summon Lightning  |       |       |       |    84 |   251 |   230 |    87 ||   652
       Summon Ice Beast  |       |       |       |    12 |    45 |    85 |    53 ||   195
       Fulminant Prism   |       |       |       |       |    97 |     9 |       ||   106
       Tukima's Dance    |       |       |       |       |     3 |       |       ||     3
       Summon Mana Viper |       |       |       |       |    10 |     7 |    12 ||    29
       Summon Demon      |       |       |       |       |     8 |    28 |    13 ||    49
       Shadow Creatures  |       |       |       |       |       |    32 |    35 ||    67
       Aura of Abjuratio |       |       |       |       |       |       |     3 ||     3
       Summon Butterflie |       |       |       |       |       |       |     2 ||     2
Invok: Curse Item        |       |     1 |     2 |     4 |       |     3 |       ||    10
       Scrying           |       |       |       |       |       |     2 |       ||     2
Evoke: Wand              |       |       |       |    10 |    17 |     5 |     1 ||    33
       Lightning rod     |       |       |       |       |     1 |       |       ||     1
  Use: Scroll            |       |     6 |    14 |     7 |    15 |     6 |     1 ||    49
       Potion            |       |     1 |     6 |     1 |     7 |     2 |       ||    17
 Stab: Sleeping          |     5 |     5 |     4 |     3 |     3 |       |     1 ||    21
       Distracted        |       |       |     5 |    17 |    27 |    51 |    16 ||   116
       Paralysed         |       |       |       |    11 |       |       |       ||    11
  Eat: Chunk             |     5 |    15 |    30 |    37 |    72 |    46 |    21 ||   226
       Ration            |       |       |     3 |     5 |     9 |     8 |     4 ||    29
Armor: Robe              |    30 |       |       |       |       |       |       ||    30
       Leather armour    |       |    49 |     4 |       |       |       |       ||    53
       Skin              |       |     9 |    21 |       |       |       |       ||    30
       Ring mail         |       |       |   144 |   143 |   198 |   236 |    75 ||   796
Dodge: Dodged            |   141 |   169 |   333 |   385 |   885 |   732 |   288 ||  2933
       Deflected         |       |       |       |       |       |    36 |     8 ||    44
Block: Buckler           |       |    12 |   120 |   145 |   205 |       |       ||   482
       Shield            |       |       |       |       |   201 |   668 |   237 ||  1106
